 Dungeon Crawl Stone Soup version 0.18-a0-1035-g72c9994 (webtiles) character file.

12092 Duffy the Fighter (level 11, 0/89 HPs)
             Began as a Mummy Fire Elementalist on Jan 9, 2016.
             Was a Follower of Ashenzari.
             Killed by divine providence
             ... invoked by an orc priest
              (15 damage)
             ... on level 9 of the Dungeon.
             The game lasted 00:24:08 (14419 turns).

Duffy the Fighter (Mummy Fire Elementalist)        Turns: 14419, Time: 00:24:08

Health: 0/89       AC: 10    Str: 11    XL:     11   Next: 57%
Magic:  7/18       EV: 13    Int: 20    God:    Ashenzari [*.....]
Gold:   265        SH:  0    Dex: 14    Spells: 3 memorised, 12 levels left

rFire  + . .     SeeInvis .     K - +2 double sword (curse)
rCold  + . .     Gourm    .     x - +1 ring mail of Cowardice {rC+} (curse)
rNeg   + + +     Faith    +     (no shield)
rPois  ∞         Spirit   .     a - +1 hat {Int+3} (curse)
rElec  .         Dismiss  .     C - +2 cloak (curse)
rCorr  .         Reflect  .     (no gloves)
SustAt .         Harm     .     (no boots)
MR     +....                    c - amulet of faith (curse)
Stlth  +.........               p - ring of protection from fire
                                f - ring of fire (curse)

@: somewhat resistant to hostile enchantments, very unstealthy
A: no food or potions, fire vulnerability, cold resistance 1, negative energy
resistance 3, torment resistance, unbreathing
a: Scrying, Renounce Religion


You were on level 9 of the Dungeon.
You worshipped Ashenzari.
Ashenzari was aware of your devotion.
You were not hungry.

You visited 2 branches of the dungeon, and saw 12 of its levels.

You collected 530 gold pieces.
You spent 265 gold pieces at shops.


Innate Abilities, Weirdness & Mutations

You do not eat or drink.
Your flesh is vulnerable to fire.
You are immune to poison.
Your flesh is cold resistant.
You are immune to negative energy.
You are immune to unholy pain and torment.
You can survive without breathing.


   Skills:
 - Level 9.2 Fighting
 + Level 6.2 Long Blades
 - Level 7.0 Dodging
 - Level 1.5 Stealth
 - Level 5.0 Spellcasting
 - Level 6.6 Conjurations
 - Level 6.4 Fire Magic


You had 12 spell levels left.
You knew the following spells:

 Your Spells              Type           Power        Failure   Level  Hunger
a - Flame Tongue          Conj/Fire      #####        1%          1    N/A
j - Sticky Flame          Conj/Fire      #####...     21%         4    N/A
l - Conjure Flame         Conj/Fire      #####...     8%          3    N/A

Inventory:

Hand Weapons
 K - a cursed +2 double sword (weapon)
Missiles
 o - 18 poisoned needles
Armour
 a - a cursed +1 hat of intelligence (worn)
 x - the cursed +1 ring mail of Cowardice (worn) {rC+}

   It protects you from cold.
   It has a curse placed upon it.
 C - a cursed +2 cloak (worn)
Jewellery
 c - a cursed amulet of faith (around neck)
 f - a cursed ring of fire (left hand)
 p - a ring of protection from fire (right hand)
 u - an uncursed ring of flight
 v - a +3 ring of evasion
 z - an uncursed ring of stealth
Wands
 i - a wand of confusion (0/48)
 l - a wand of enslavement (16/24)
 A - a wand of confusion (14/48)
 H - a wand of paralysis (0/24)
Scrolls
 d - 4 scrolls of enchant armour
 e - 5 scrolls of identify
 g - 3 scrolls of amnesia
 h - a scroll of enchant weapon
 j - 3 scrolls of fear
 k - 2 scrolls of curse jewellery
 m - a scroll of curse armour
 n - 6 scrolls of fog
 r - a scroll of remove curse
 s - 8 scrolls of teleportation
 t - a scroll of magic mapping
 w - a scroll of immolation
Books
 b - a book of Flames
 q - a book of Annihilations
 J - a book of the Earth

Dungeon Overview and Level Annotations

Branches:
Dungeon (11/15)            Temple (1/1) D:6             Orc (0/2) D:10
   Lair: D:8-11

Altars:
Ashenzari
Cheibriados
Dithmenos
Elyvilon
Fedhas
Gozag
Kikubaaqudgha
Makhleb
Nemelex Xobeh
Okawaru
Pakellas
Qazlal
Ru
Sif Muna
Trog
Vehumet
Xom
Yredelemnul
Zin
The Shining One
Beogh

Shops:
D:5 ?

Portals:
Trove: D:10 (give +3 ice dragon armour)

Annotations:
D:11 Snorg


Message History

You feel a surge of power!
The flame tongue hits the orc warrior.
The orc warrior is moderately wounded.
An orc priest comes into view. It is wielding a short sword.
Cast which spell? (? or * to list)
Aiming: Flame Tongue
Press: ? - help, Shift-Dir - straight line, f/p - orc warrior
Aim: an orc warrior, wielding a flail and wearing a plate armour (moderately wounded)
You feel a surge of power!
The flame tongue hits the orc warrior.
The orc warrior is severely wounded.
The orc priest shouts!
An orc comes into view. It is wielding a flail.
Cast which spell? (? or * to list)
Aiming: Flame Tongue
Press: ? - help, Shift-Dir - straight line, f/p - orc warrior
Aim: an orc warrior, wielding a flail and wearing a plate armour (severely wounded)
You feel a surge of power!
The flame tongue hits the orc warrior.
You kill the orc warrior!
The orc shouts!
Cast which spell? (? or * to list)
Aiming: Flame Tongue
Press: ? - help, Shift-Dir - straight line, f - orc wizard
Aim: an orc wizard, wielding a dagger and wearing a robe You feel a surge of power!
The flame tongue hits the orc wizard.
The orc wizard is heavily wounded.
The orc priest mumbles some strange prayers to Beogh against you.
Something smites you!
Cast which spell? (? or * to list)
Aiming: Flame Tongue
Press: ? - help, Shift-Dir - straight line, f/p - orc wizard
Aim: an orc wizard, wielding a dagger and wearing a robe (heavily wounded)
You feel a surge of power!
The flame tongue hits the orc wizard.
The orc wizard is almost dead.
The orc priest mumbles some strange prayers to Beogh against you.
Something smites you!
You die...

....# ##.## ###.##### #.# ###.#
#.# #......># #.. # #.# #.#
#.#.###.# ### ###.# ##'## #.#.#
#.# %##.# ##...## #...# #.# #
.##.# ##.....## #..####.# #
....###.......## ##.......# #
..####.....o..o####>).###########
.....'.......[o0@[)[.............
....##.........####...###########
....###....o..## ##..### # ....#
##.....## ##...# # ..#######...##
###.# # ..#......#'## #.# #
###.####.#.# #.# # ###.####.#.#
#.# # .........#.## ########.# #


You could see an orc priest, an orc wizard and 2 orcs.

Action                   |  1- 3 |  4- 6 |  7- 9 | 10-12 || total
-------------------------+-------+-------+-------+-------++-------
Melee: Unarmed           |     2 |       |       |       ||     2
       Whip              |       |       |    69 |       ||    69
       Flail             |       |       |    27 |       ||    27
       Double sword      |       |       |       |    31 ||    31
 Fire: Blowgun           |       |       |       |     8 ||     8
 Cast: Flame Tongue      |    42 |    44 |   347 |   205 ||   638
       Conjure Flame     |       |     1 |    18 |    21 ||    40
       Sticky Flame      |       |       |     8 |    19 ||    27
Evoke: Wand              |       |     1 |     6 |     4 ||    11
  Use: Scroll            |       |       |    12 |    10 ||    22
 Stab: Confused          |       |       |       |     4 ||     4

Notes
Turn   | Place    | Note
--------------------------------------------------------------
     0 | D:1      | Duffy the Mummy Fire Elementalist began the quest for the Orb.
     0 | D:1      | Reached XP level 1. HP: 13/13 MP: 3/3
    12 | D:1      | Reached skill level 1 in Conjurations
   148 | D:1      | Found a glowing golden altar of the Shining One.
   188 | D:1      | Reached XP level 2. HP: 19/19 MP: 0/5
   837 | D:2      | Found a sacrificial altar of Ru.
   846 | D:2      | Reached skill level 2 in Conjurations
   846 | D:2      | Reached XP level 3. HP: 24/24 MP: 1/6
   851 | D:2      | Learned a level 3 spell: Conjure Flame
  1110 | D:2      | Found a basalt altar of Yredelemnul.
  1162 | D:2      | Found a white marble altar of Elyvilon.
  1249 | D:2      | Found a radiant altar of Vehumet.
  1820 | D:3      | Reached XP level 4. HP: 21/30 MP: 4/7
  1919 | D:3      | Learned a level 4 spell: Sticky Flame
  2050 | D:3      | Reached skill level 3 in Conjurations
  2081 | D:3      | Found a roughly hewn altar of Beogh.
  2202 | D:2      | Reached skill level 3 in Fire Magic
  2202 | D:2      | Reached XP level 5. HP: 24/35 MP: 5/8
  2741 | D:4      | Noticed a slave
  2741 | D:4      | Noticed a slave
  2743 | D:4      | Noticed Pikel
  2747 | D:4      | Noticed a slave
  2760 | D:4      | Noticed a slave
  2760 | D:4      | Killed Pikel
  2760 | D:4      | Reached skill level 4 in Conjurations
  2760 | D:4      | Reached skill level 4 in Fire Magic
  2760 | D:4      | Reached XP level 6. HP: 41/41 MP: 1/9
  2760 | D:4      | Reached XP level 7. HP: 46/46 MP: 1/10
  2840 | D:4      | Killed Menkaure
  2867 | D:4      | Noticed Eustachio
  2876 | D:4      | Killed Eustachio
  2876 | D:4      | Reached skill level 5 in Conjurations
  3089 | D:4      | Reached skill level 5 in Fire Magic
  3801 | D:4      | Found a sparkling altar of Nemelex Xobeh.
  3861 | D:5      | Entered Level 5 of the Dungeon
  3917 | D:5      | Found Atitze's Magic Scroll Shoppe.
  3922 | D:5      | Bought a scroll of teleportation for 30 gold pieces
  3922 | D:5      | Bought a scroll of fog for 20 gold pieces
  3922 | D:5      | Bought a scroll of magic mapping for 35 gold pieces
  3922 | D:5      | Bought a scroll of identify for 20 gold pieces
  3922 | D:5      | Bought 3 scrolls of identify for 60 gold pieces
  3922 | D:5      | Bought a scroll of identify for 20 gold pieces
  3922 | D:5      | Bought a scroll of identify for 20 gold pieces
  3964 | D:5      | Reached XP level 8. HP: 47/52 MP: 6/11
  4069 | D:5      | Noticed 4thArraOfDagon's ghost (weakling FeFi)
  4211 | D:5      | Killed 4thArraOfDagon's ghost
  4574 | D:5      | Reached skill level 6 in Conjurations
  5007 | D:5      | Bought a scroll of remove curse for 30 gold pieces
  5007 | D:5      | Bought a scroll of teleportation for 30 gold pieces
  5039 | D:6      | Found a staircase to the Ecumenical Temple.
  5047 | Temple   | Entered the Ecumenical Temple
  5657 | D:6      | Reached skill level 3 in Spellcasting
  5751 | D:6      | Reached skill level 6 in Fire Magic
  5923 | D:6      | Noticed Edmund
  5937 | D:6      | Killed Edmund
  6013 | D:6      | Reached skill level 4 in Spellcasting
  6215 | D:6      | Found an ancient bone altar of Kikubaaqudgha.
  7039 | D:7      | Reached skill level 5 in Spellcasting
  7039 | D:7      | Reached XP level 9. HP: 57/57 MP: 6/16
  7193 | D:7      | Reached skill level 1 in Fighting
  7193 | D:7      | Reached skill level 2 in Dodging
  7296 | D:7      | Reached skill level 2 in Fighting
  7538 | D:7      | Reached skill level 3 in Dodging
  7632 | D:7      | Reached skill level 3 in Fighting
  8218 | D:8      | Reached skill level 4 in Dodging
  8219 | D:8      | Found a shattered altar of Ashenzari.
  8225 | D:8      | Became a worshipper of Ashenzari the Shackled
  8326 | D:7      | Reached skill level 4 in Fighting
  9000 | D:8      | Got the uncursed ring mail of Cowardice {rC+}
  9011 | D:8      | Identified the +1 ring mail of Cowardice {rC+} (You found it on level 8 of the Dungeon)
  9137 | D:8      | Found a glowing silver altar of Zin.
  9210 | D:8      | Reached skill level 5 in Fighting
  9213 | D:8      | Reached skill level 5 in Dodging
  9375 | D:8      | Noticed Maurice
  9387 | D:8      | Killed Maurice
  9387 | D:8      | Reached XP level 10. HP: 74/74 MP: 4/17
 10222 | D:9      | Reached skill level 6 in Fighting
 10683 | D:9      | Reached * piety under Ashenzari
 10706 | D:9      | Reached skill level 6 in Dodging
 10878 | D:9      | Found a shimmering altar of Xom.
 11102 | D:10     | Entered Level 10 of the Dungeon
 11104 | D:10     | Noticed a hill giant
 11120 | D:9      | Killed a hill giant
 11220 | D:10     | Found a staircase to the Orcish Mines.
 11291 | D:10     | Reached skill level 7 in Fighting
 11508 | D:10     | Noticed Maud
 12097 | D:10     | Reached skill level 7 in Dodging
 12500 | D:10     | Reached skill level 8 in Fighting
 12700 | D:10     | Killed Maud
 12700 | D:10     | Reached skill level 9 in Fighting
 12700 | D:10     | Reached XP level 11. HP: 38/89 MP: 5/18
 13213 | D:10     | Reached skill level 1 in Long Blades
 13299 | D:10     | Noticed a vault guard
 13305 | D:10     | Killed a vault guard
 13305 | D:10     | Reached skill level 2 in Long Blades
 13452 | D:10     | Found a portal to a secret trove of treasure.
 13474 | D:10     | Noticed Gastronok
 13475 | D:10     | Reached skill level 3 in Long Blades
 13516 | D:10     | Killed Gastronok
 13516 | D:10     | Reached skill level 4 in Long Blades
 13773 | D:10     | Noticed Harold
 14158 | D:11     | Noticed Snorg
 14191 | D:10     | Killed Harold
 14191 | D:10     | Reached skill level 5 in Long Blades
 14269 | D:10     | Reached skill level 6 in Long Blades
 14419 | D:9      | Killed from afar by an orc priest

Vault maps used:
D:1:      ldierk_walled_garden_2, tso_metal_star
D:2:      kennysheep_ying_yang, hangedman_ru_absence, lemuel_crystal_altar,
          first_bread
D:3:      serial_corexii_hall, corexii_hall_statues_i, corexii_hall_statues_l,
          kennysheep_orc_chapel
D:4:      nemelex_deck, uniq_menkaure, uniq_pikel, uniq_eustachio
D:5:      serial_shops, nicolae_shop_stone
D:6:      kiku_gazebo_garden_becter, temple_green, nicolae_ossuary_entry_giza,
          uniq_edmund
D:8:      zin_statuary, ashenzari_altar_1, uniq_maurice
D:9:      kennysheep_mini_moat
D:10:     erik_lair_island, orc_0_dummy, enter_trove_5, eino_house_with_fridge,
          uniq_maud, uniq_harold, uniq_gastronok
D:11:     uniq_snorg, uniq_grum
Temple:   triangle_lava_temple_11

Vanquished Creatures
  Gastronok Maud
  A vault guard Harold
  A hill giant Pikel Maurice
  2 trolls
  5 yaks Eustachio
  3 wyverns
  2 hungry ghosts
  A hippogriff Menkaure
  3 wolves Edmund
  A water moccasin
  2 black bears
  4 orc warriors
  3 sky beasts
  2 ice beasts
  A phantom
  A necrophage
  6 ogres
  2 centaurs
  7 giant frogs
  3 scorpions
  3 killer bees
  3 electric eels
  2 centaur zombies
  A crimson imp
  A giant frog zombie
  The ghost of 4thArraOfDagon the Scratcher, a weakling FeFi of Makhleb
  4 hounds
  2 jellies
  A giant frog skeleton
  A gnoll shaman
  6 orc priests
  6 orc wizards
  2 centaur skeletons
  2 iguanas
  10 worker ants
  A hound skeleton
  A mummy
  A worker ant zombie
  6 gnolls
  13 adders
  3 shadow imps
  An ooze
  4 adder skeletons
  2 worms
  3 giant geckos
  29 orcs
  4 bats
  4 giant cockroaches
  6 goblins
  5 hobgoblins
  20 jackals
  4 kobolds
  4 quokkas
  A giant gecko skeleton
  2 giant newts
  2 jackal skeletons
  2 orc zombies
  2 quokka skeletons
  A quokka zombie
  2 rats
  4 toadstools
230 creatures vanquished.
